 Dungeon Crawl Stone Soup version 0.30-a0-778-g2ef04afb54 (webtiles) character file.

Game seed: 14074923425879469018

39 mopl the Sneak (level 3, -4/18 HPs)
             Began as a Vine Stalker Brigand on Feb 15, 2023.
             Slain by a gnoll
             ... wielding a +0 halberd of protection
              (12 damage)
             ... on level 2 of the Dungeon.
             The game lasted 00:01:06 (951 turns).

mopl the Sneak (Vine Stalker Brigand)                Turns: 951, Time: 00:01:06

Health: -4/18      AC:  3    Str: 13    XL:     3   Next: 45%
Magic:  0/4        EV: 11    Int: 11    God:
Gold:   89         SH:  0    Dex: 17    Spells: 2/2 levels left

rFire   . . .      SeeInvis .    a - +2 dagger
rCold   . . .      Faith    .    (no shield)
rNeg    . . .      Spirit   +    b - +0 robe
rPois   .          Reflect  .    (no helmet)
rElec   .          Harm     .    c - +0 cloak
rCorr   .          Rampage  .    (no gloves)
Will    .....                    (no boots)
Stlth   +++                      (no amulet)
HPRegen 0.23/turn                (no ring)
MPRegen 0.09/turn                (no ring)

@: no status effects
A: fangs 2, magic shield, antimagic bite, no potion heal 2
a: no special abilities


You were on level 2 of the Dungeon.
You visited 1 branch of the dungeon, and saw 2 of its levels.

You collected 89 gold pieces.

Inventory:

Hand Weapons
 a - a +2 dagger (weapon)
Missiles
 d - 8 poisoned darts (quivered)
 e - 3 curare-tipped darts
Armour
 b - a +0 robe (worn)
 c - a +0 cloak (worn)
Scrolls
 f - a scroll of enchant armour {unknown}
 i - a scroll of fog {unknown}
 k - a scroll of identify {unknown}
 l - a scroll of enchant weapon {unknown}
Potions
 g - a potion of heal wounds {unknown}
 h - a potion of flight {unknown}
 j - 2 potions of degeneration {unknown}


   Skills:
 - Level 1.7 Fighting
 + Level 2.4 Short Blades
 + Level 2.4 Throwing
 - Level 0.7 Dodging
 + Level 5.4 Stealth


You had 2 spell levels left.
You didn't know any spells.
Your spell library contained the following spells:

 Spells                   Type           Power      Damage    Failure   Level
 Leda's Liquefaction      Hex/Erth       0%         N/A       98%         4
 Maxwell's Capacitive Co  Air            0%         ∞         100%        8


Dungeon Overview and Level Annotations

Branches:
Dungeon (2/15)

Altars:


Innate Abilities, Weirdness & Mutations

You have extremely sharp teeth.
When hurt, damage is shared between your health and your magic reserves.
Your bite disrupts and absorbs the magic of your enemies.
Potions cannot restore your health.


Message History

A rat comes into view.
A bat comes into view.
A gnoll comes into view.
It is wielding a +0 halberd of protection.
You see here 8 gold pieces.
The helpless rat fails to defend itself.
You impale the rat!!
You kill the rat!
You throw a poisoned dart.
The poisoned dart barely misses the gnoll.
The gnoll shouts! x2
The gnoll throws a throwing net.
The throwing net hits you.
You become entangled in the net!
A gnoll comes into view. It is wielding a +0 spear.
You struggle against the net.
You struggle against the net.
The bat barely misses you.
A rat comes into view.
You rip the net and break free!
The bat barely misses you. The bat hits you but does no damage.
The bat closely misses you. The bat misses you.
The bat hits you but does no damage. The bat attacks as you move away!
The bat hits you but does no damage. x2
The bat closely misses you. The bat attacks as you move away! The bat hits you.
The bat hits you but does no damage. The bat closely misses you.
The bat closely misses you. The bat hits you but does no damage.
There is a stone staircase leading up here.
You closely miss the bat. You bite the bat, but do no damage.
The bat barely misses you. The bat barely misses you.
You hit the bat.
You kill the bat!
The gnoll hits you from afar with a +0 halberd.
The gnoll hits you from afar with a +0 halberd of protection!
The gnoll hits you but does no damage.
There is a stone staircase leading up here.
The gnoll hits you from afar with a +0 halberd of protection!
Ouch! That really hurt!
You die...

# ## .. .### ... ..#
.... #.# .##
#....##.########.... ...
......................
..
##...##.###..........#
.. ##.###.###@####..#..
. #........g# #...... .#
#.#......g#
#..##.###.##.. #...##..#
#..##.#.......
#..###..###..##.#$#.#
#.........g.g.......#
##.###.###.#.####.......
.. ...##.###.. .....#..
#.####### ####.##....


You could see 2 gnolls.

Vanquished Creatures
  2 dart slugs (D:1)
  A ball python (D:1)
  6 endoplasms (D:1)
  2 giant cockroaches (D:1)
  A goblin (D:1)
  3 hobgoblins (D:1)
  2 jackals (D:1)
  3 quokkas (D:1)
  3 bats
  A frilled lizard (D:1)
  2 kobolds (D:1)
  6 rats
32 creatures vanquished.

Notes
Turn   | Place    | Note
-------+----------+-------------------------------------------
     0 | D:1      | mopl the Vine Stalker Brigand began the quest for the Orb.
     0 | D:1      | Reached XP level 1. HP: 11/11 MP: 2/2
    38 | D:1      | Got the Omnibus of Lightning and Imprecation
    84 | D:1      | Reached skill level 2 in Short Blades
    84 | D:1      | Reached skill level 2 in Throwing
    84 | D:1      | Reached skill level 5 in Stealth
   127 | D:1      | Reached XP level 2. HP: 11/15 MP: 3/3
   383 | D:1      | Reached XP level 3. HP: 18/18 MP: 4/4
   951 | D:2      | Slain by a gnoll

Illustrated notes

Levels and vault maps discovered:
D:1:      lightli_arrival_statuegarden, layout_basic
D:2:      layout_loops_corners

Skill      XL: |  1 |
---------------+----+-----
Short Blades   | 2 |  2.4
Throwing       | 2 |  2.4
Stealth        | 5 |  5.4
Fighting       | |  1.7
Dodging        | |  0.7

Action                     || total
---------------------------++-------
  Melee: Dagger            ||    63
         Bite              ||    14
         Punch             ||     1
  Throw: Dart              ||     1
   Stab: Sleeping          ||    13
         Distracted        ||     1
 Armour: Robe              ||    22
  Dodge: Dodged            ||    30

Table legend: (Time is in decaauts)
 A = Elapsed time spent in this place.
 B = Non-inter-level travel time spent in this place.
 C = Inter-level travel time spent in this place.
 D = Time resting spent in this place.
 E = Time spent auto-exploring this place.
 F = Levels seen in this place.
 G = Mean time per level.
                   A        B        C        D        E       F      G
               +--------+--------+--------+--------+--------+-----+--------+
         Total |    943 |    898 |     45 |      0 |    698 |   2 |  471.5 |
       Dungeon |    943 |    898 |     45 |      0 |    698 |   2 |  471.5 |
               +--------+--------+--------+--------+--------+-----+--------+

Top non-repeatable levels by time:
     D:1: 893 daAuts
     D:2: 50 daAuts
